 Dungeon Crawl Stone Soup version 0.28-a0-1143-gcf6077d4cc (webtiles) character file.

Game seed: 811763396951717372

133 ytrimaz the Insei (level 5, -5/34 HPs)
             Began as an Octopode Transmuter on Dec 13, 2021.
             Slain by a gnoll (8 damage)
             ... while paralysed by Ijyb
             ... on level 3 of the Dungeon.
             The game lasted 00:03:33 (4123 turns).

ytrimaz the Insei (Octopode Transmuter)             Turns: 4123, Time: 00:03:33

Health: -5/34      AC:  1    Str:  9    XL:     5   Next: 16%
Magic:  7/9        EV:  2    Int: 18    God:
Gold:   108        SH:  0    Dex: 12    Spells: 3/9 levels left

rFire   . . .      SeeInvis .     - Unarmed
rCold   . . .      Faith    .   (no shield)
rNeg    . . .      Spirit   .   (helmet restricted)
rPois   .          Reflect  .   (no amulet)
rElec   .          Harm     .   (no ring)
rCorr   .          Rampage  .   (no ring)
Will    .....                   (no ring)
Stlth   ++........              (no ring)
HPRegen 0.11/turn               (no ring)
MPRegen 0.11/turn               (no ring)
                                (no ring)
                                (no ring)

@: paralysed
A: almost no armour, amphibious, 8 rings, camouflage 1, gelatinous body 1,
(nimble swimmer 1), tentacles
a: no special abilities


You were on level 3 of the Dungeon.
You visited 1 branch of the dungeon, and saw 3 of its levels.

You collected 108 gold pieces.

Inventory:

Missiles
 c - a throwing net
Potions
 a - a potion of berserk rage {unknown}
 b - 2 potions of brilliance {unknown}
 d - a potion of flight {unknown}
 e - a potion of ambrosia {unknown}


   Skills:
 * Level 2.1 Fighting
 - Level 2.0 Dodging
 + Level 4.2 Unarmed Combat
 * Level 2.7 Spellcasting
 * Level 2.9 Transmutations
 + Level 0.3 Poison Magic


You had 3 spell levels left.
You knew the following spells:

 Your Spells              Type           Power      Damage    Failure   Level
a - Spider Form           Tmut/Pois      8%         N/A       26%         3
b - Wereblood             Tmut           13%        N/A       8%          2
c - Beastly Appendage     Tmut           26%        N/A       4%          1

Your spell library contained the following spells:

 Spells                   Type           Power      Damage    Failure   Level
 Ice Form                 Ice/Tmut       7%         N/A       65%         4


Dungeon Overview and Level Annotations

Branches:
Dungeon (3/15)

Altars:
Nemelex Xobeh


Innate Abilities, Weirdness & Mutations

You cannot wear most types of armour.
You are amphibious.
You can wear up to eight rings at the same time.
Your skin changes colour to match your surroundings (Stealth+).
Your rubbery body absorbs attacks. (AC +1, EV +1)
((You are camouflaged near water. (Stealth+)))
You have tentacles for arms and can constrict up to eight enemies at once.


Message History

A gnoll comes into view. It is wielding a +0 spear.
You can move again.
Unknown command.
Unknown command.
Unknown command. 2 gnolls come into view.
A gnoll is wielding a +0 whip of electrocution.
The gnoll closely misses you. Ijyb hits you with a +0 dagger.
The gnoll shouts!
You hit Ijyb but do no damage.
Ijyb is poisoned.
You hear a shout!
The gnoll hits you from afar with a +0 spear.
Ijyb hits you but does no damage.
Unknown command.
You barely miss Ijyb.
Ijyb is lightly wounded.
The gnoll barely misses you. Ijyb barely misses you.
Unknown command.
You hit Ijyb.
Ijyb looks as sick as possible!
Ijyb is lightly wounded.
The gnoll completely misses you. Ijyb hits you with a +0 dagger.
Unknown command.
You hit Ijyb.
Ijyb looks as sick as possible!
Ijyb is heavily wounded.
The gnoll closely misses you.
Ijyb zaps a wand.
You suddenly lose the ability to move!
The gnoll hits you from afar with a +0 spear.
A gnoll comes into view. It is wielding a +0 whip.
Ijyb zaps a wand.
You resist with some effort.
The gnoll hits you from afar with a +0 spear.
Ijyb zaps a wand.
You resist with some effort.
Your transformation has ended.
The gnoll hits you from afar with a +0 spear.
* * * LOW HITPOINT WARNING * * *
Ijyb screams, "Level is mine!
All mine!"
Ijyb hits you with a +0 dagger.
* * * LOW HITPOINT WARNING * * *
You kill Ijyb!
The gnoll hits you from afar with a +0 spear!
You die...

## g.
#########
#####g###
#.......#
#..@)g..#
#.#####.#
#.###.#.#
#.# #.#
##.## #
##.#
#.####...#
#..#
#......#.#
.#.##
######...#
#...#
#####
...##
#.####


You could see 3 gnolls.

Vanquished Creatures
  An orc priest (D:3)
  Ijyb (D:3)
  A gnoll (D:3)
  2 adders
  A worm (D:3)
  3 dart slugs
  7 orcs (D:3)
  7 endoplasms
  5 giant cockroaches
  4 goblins
  6 hobgoblins
  5 kobolds
  3 quokkas
  5 ball pythons (D:1)
  2 bats
  4 frilled lizards
  2 rats (D:2)
59 creatures vanquished.

Notes
Turn   | Place    | Note
-------+----------+-------------------------------------------
     0 | D:1      | ytrimaz the Octopode Transmuter began the quest for the
                  | Orb.
     0 | D:1      | Reached XP level 1. HP: 13/13 MP: 3/3
   481 | D:1      | Reached XP level 2. HP: 18/18 MP: 5/5
   927 | D:1      | Reached XP level 3. HP: 17/23 MP: 4/6
   939 | D:1      | Learned a level 2 spell: Wereblood
   943 | D:1      | Learned a level 3 spell: Spider Form
  2078 | D:2      | Found a faded altar of an unknown god.
  2186 | D:2      | Found a sparkling altar of Nemelex Xobeh.
  2558 | D:2      | Reached XP level 4. HP: 24/29 MP: 5/7
  3634 | D:3      | Reached skill level 4 in Unarmed Combat
  3921 | D:3      | Reached XP level 5. HP: 23/34 MP: 6/9
  4107 | D:3      | Noticed Ijyb
  4111 | D:3      | Paralysed by Ijyb for 4 turns
  4119 | D:3      | Paralysed by Ijyb for 4 turns
  4123 | D:3      | Killed Ijyb
  4123 | D:3      | Slain by a gnoll

Illustrated notes

Levels and vault maps discovered:
D:1:      heliophobic_arrival_henge, layout_basic,
          chequers_serial_rivers_micro_b, nicolae_figureground_sparkle
D:2:      kb_forest_paths, layout_basic, hellmonk_ecumenical_altar_blasted,
          basic_altar
D:3:      layout_loops_cross, bh_walls_and_bars, uniq_ijyb

Skill      XL: |  1  2  3  4 |
---------------+-------------+-----
Unarmed Combat | 4 |  4.2
Fighting       | 2 |  2.1
Dodging        | |  2.0
Spellcasting   | |  2.7
Transmutations | |  2.9
Poison Magic   | |  0.3

Action                   |  1- 3 |  4- 6 || total
-------------------------+-------+-------++-------
Melee: Unarmed           |    87 |    53 ||   140
       Constrict         |    19 |    13 ||    32
       Tentacles         |     6 |     7 ||    13
       Kick              |    10 |     2 ||    12
       Punch             |     1 |     3 ||     4
 Cast: Beastly Appendage |    12 |     5 ||    17
       Spider Form       |     3 |     3 ||     6
       Wereblood         |       |     2 ||     2
  Use: Scroll            |     3 |     1 ||     4
 Stab: Sleeping          |     8 |     1 ||     9
       Distracted        |       |     1 ||     1
Armor: Skin              |     2 |     2 ||     4
Dodge: Dodged            |    52 |    32 ||    84

Table legend: (Time is in decaauts)
 A = Elapsed time spent in this place.
 B = Non-inter-level travel time spent in this place.
 C = Inter-level travel time spent in this place.
 D = Time resting spent in this place.
 E = Time spent auto-exploring this place.
 F = Levels seen in this place.
 G = Mean time per level.
                   A        B        C        D        E       F      G
               +--------+--------+--------+--------+--------+-----+--------+
         Total |   4114 |   4032 |     82 |    425 |   3139 |   3 | 1371.3 |
       Dungeon |   4114 |   4032 |     82 |    425 |   3139 |   3 | 1371.3 |
               +--------+--------+--------+--------+--------+-----+--------+

Top non-repeatable levels by time:
     D:1: 1543 daAuts
     D:2: 1334 daAuts
     D:3: 1237 daAuts
